 Seeded DCSS version 0.30-a0-4-ga7cffc901d (webtiles) character file.

Game seed: 20220821 (custom seed)

17475 purpskrrrp the Geomancer (level 12, -1/59 HPs)
             Began as a Gargoyle Earth Elementalist on Aug 21, 2022.
             Was an Initiate of Gozag.
             Slain by a komodo dragon (19 damage)
             ... on level 12 of the Dungeon.
             The game lasted 01:01:36 (14960 turns).

purpskrrrp the Geomancer (GrEE)                    Turns: 14960, Time: 01:01:44

Health: -1/59      AC: 26    Str: 11    XL:     12   Next: 48%
Magic:  22/31      EV: 17    Int: 22    God:    Gozag
Gold:   1464       SH:  5    Dex: 10    Spells: 15/25 levels left

rFire   . . .      SeeInvis .    l - +9 staff of Olgreb {rPois∞}
rCold   + . .      Faith    .    (no shield)
rNeg    + . .      Spirit   .    s - +3 leather armour {rC+}
rPois   ∞          Reflect  +    p - +2 helmet
rElec   +          Harm     .    e - +2 cloak
rCorr   .          Rampage  .    n - +2 pair of gloves
Will    .....      Rage     3%   A - +2 pair of boots {Stlth+}
Stlth   +++++.....               F - amulet of reflection
HPRegen 0.19/turn                y - +4 ring of evasion
MPRegen 0.22/turn                u - ring of magical power

@: no status effects
A: sickness immunity, AC +8, negative energy resistance 1, electricity
resistance, torment resistance 1, petrification resistance, talons 1, berserk 1,
screaming 1
a: Renounce Religion, Evoke the Staff of Olgreb, Potion Petition, Call Merchant,
Bribe Branch


You were on level 12 of the Dungeon.
You worshipped Gozag.
Gozag was most pleased with you.
You visited 1 branch of the dungeon, and saw 12 of its levels.
You also visited: Sewer.

You collected 3164 gold pieces.
You spent 211 gold pieces at shops.
You paid 1489 gold pieces to Gozag.

Inventory:

Hand Weapons
 c - a +0 whip of freezing
 j - a +4 great sword of freezing
 l - the +9 staff of Olgreb (weapon) {rPois∞}
   (You found it on level 6 of the Dungeon)

   If the wielder is skilled in Evocations, they can envenom those struck by it,
   dealing poison damage which bypasses armour.
   It enhances your poison magic.
   It grants immunity to poison.
   It can be activated via the 'a'bility menu to radiate toxic energy, with
   effectiveness depending on Evocations skill.
Missiles
 b - 9 boomerangs
Armour
 a - a +0 robe
 e - a +2 cloak (worn)
 n - a +2 pair of gloves (worn)
 p - a +2 helmet (worn)
 s - a +3 leather armour of cold resistance (worn)
 A - a +2 pair of boots of stealth (worn)
Magical Staves
 d - a staff of cold
Jewellery
 q - an amulet of guardian spirit
 t - a +6 ring of dexterity
 u - a ring of magical power (right hand)
 y - a +4 ring of evasion (left hand)
 F - an amulet of reflection (around neck)
Wands
 m - a wand of charming (7)
 o - a wand of flame (33)
 B - a wand of iceblast (3)
Scrolls
 f - a scroll of enchant weapon
 g - a scroll of fear
 k - a scroll of fog
 w - 2 scrolls of amnesia
 x - 3 scrolls of magic mapping
 z - 3 scrolls of teleportation
 C - 2 scrolls of poison
 E - 4 scrolls of enchant armour
 G - 3 scrolls of identify
 H - a scroll of brand weapon {unknown}
 I - a scroll of immolation
Potions
 h - a potion of might
 i - 3 potions of lignification
 r - 5 potions of heal wounds
 v - 5 potions of curing
 D - 2 potions of attraction {unknown}
 J - a potion of brilliance {unknown}
 K - a potion of magic


   Skills:
 + Level 5.3 Staves
 + Level 6.6 Dodging
 + Level 9.4 Stealth
 + Level 7.3 Spellcasting
 + Level 5.9 Conjurations
 - Level 4.2 Transmutations
 * Level 13.4 Earth Magic
 + Level 4.8 Evocations


You had 15 spell levels left.
You knew the following spells:

 Your Spells              Type           Power      Damage    Failure   Level
a - Sandblast             Erth           100%       2d20      1%          1
b - Stone Arrow           Conj/Erth      100%       3d13      1%          3
c - Petrify               Tmut/Erth      47%        N/A       2%          4
d - Passwall              Tmut/Erth      39%        N/A       1%          2

Your spell library contained the following spells:

 Spells                   Type           Power      Damage    Failure   Level
 Beastly Appendage        Tmut           52%        N/A       1%          1
 Wereblood                Tmut           26%        N/A       2%          2
 Necrotise                Necr           32%        1d5       11%         1
 Slow                     Hex            32%        N/A       11%         1
 Spider Form              Tmut/Pois      26%        N/A       13%         3
 Blink                    Tloc           16%        N/A       16%         2
 Ensorcelled Hibernation  Hex/Ice        16%        N/A       16%         2
 Confusing Touch          Hex            8%         N/A       32%         3
 Inner Flame              Hex/Fire       8%         N/A       32%         3
 Swiftness                Air            8%         N/A       32%         3
 Vampiric Draining        Necr           8%         2d6       32%         3
 Cause Fear               Hex            4%         N/A       71%         4
 Agony                    Necr           8%         N/A       96%         5
 Manifold Assault         Tloc           8%         N/A       96%         5
 Metabolic Englaciation   Hex/Ice        4%         N/A       96%         5
 Storm Form               Tmut/Air       8%         N/A       100%        7
 Discord                  Hex            4%         N/A       100%        8
 Statue Form              Tmut/Erth      Unusable   N/A       N/A         6

Dungeon Overview and Level Annotations

Branches:
Dungeon (12/15)            Temple (0/1) D:7            Lair (0/5) D:10
    Orc (0/2) D:9           Sewer (visited)

Altars:
Cheibriados
Elyvilon
Fedhas
Gozag
Kikubaaqudgha
Nemelex Xobeh
Okawaru
Qazlal
Trog
Uskayaw
Wu Jian
Yredelemnul
Zin

Shops:
D:6 *[

Annotations:
D:6 1 runed translucent door


Innate Abilities, Weirdness & Mutations

You are immune to sickness and miasma.
Your stone body is resilient. (AC +8)
You are immune to poison.
You resist negative energy. (rN+)
You are resistant to electric shocks. (rElec)
You are resistant to unholy torment.
You are immune to petrification.
You have sharp toenails.
You sometimes lose your temper in combat.
You occasionally shout uncontrollably at your foes.


Message History

The fireball explodes!
The fireball engulfs you.
Casting: Sandblast (safe; 1% risk of failure)
Confirm with . or Enter, or press ? or * to list all spells.
You can't see any susceptible monsters within range! (Use Z to cast anyway.) Erolcha looks even sicker.
Casting: Sandblast (safe; 1% risk of failure)
Confirm with . or Enter, or press ? or * to list all spells.
Aiming: Stone Arrow (safe; 1% risk of failure)
Press: ? - help, Shift-Dir - straight line, f - Erolcha
Aim: Erolcha, wielding a +3 spectral giant club and wearing a +0 robe (lightly wounded, very poisoned, 87% to hit)
The stone arrow hits Erolcha!!
Erolcha is heavily wounded.
Erolcha looks as sick as possible!
Your toxic aura wanes.
The blast of sand hits Erolcha!
Erolcha is almost dead.
You kill Erolcha!
You start resting.
HP restored.
You start resting.
A komodo dragon is nearby!
The blast of sand hits the komodo dragon!
The komodo dragon is moderately wounded.
The komodo dragon hisses angrily.
The blast of sand hits the komodo dragon!
The komodo dragon is severely wounded.
The komodo dragon bites you!!
The blast of sand misses the komodo dragon.
The komodo dragon closely misses you. The komodo dragon bites you!!
You are too injured to fight recklessly!
Casting: Sandblast (safe; 1% risk of failure)
Confirm with . or Enter, or press ? or * to list all spells.
Aiming: Stone Arrow (safe; 1% risk of failure)
Press: ? - help, Shift-Dir - straight line, f/p - komodo dragon
Aim: a komodo dragon (severely wounded, 84% to hit)
The stone arrow hits the komodo dragon!
The komodo dragon is almost dead.
The komodo dragon bites you!!
You die...
Your body crumbles into a pile of gold.

.##### #. #.# #........# .##..
.#####.# #........# .##.#
#...##.# ########.#
.##.##########...##.# #.#
............##...##.# #..
............##...##.# ###
............##...##.#############
.....................##..........
..............$.@)...............
............###l#####..#.######..
................# #........# #.#
............###.####........# #.#
########....#...[.##........# #.#
##....#.....##........# #.#
#.....#.....##........# #..
#...[##.....##........# #..
#....##.....##........# #..


You could see a komodo dragon.

Vanquished Creatures
  Josephine (D:10)
  A boulder beetle (D:11)
  A hydra (D:12)
  Erolcha (D:12)
  Sonja (D:12)
  The ghost of crescentfresh the Tainter, a novice OpVM of Vehumet (D:7)
  4 ugly things
  2 gargoyles
  A komodo dragon (D:10)
  An unseen horror (D:12)
  2 trolls
  A hornet (D:9)
  A vampire (D:11)
  6 wyverns
  21 yaks
  4 wraiths (D:10)
  A redback (D:6)
  4 acid dragons
  Edmund (D:6)
  4 water moccasins
  5 orc warriors
  3 centaurs
  A phantom (D:6)
  8 kobold brigands
  2 bullfrogs (D:7)
  2 necrophages
  A gnoll sergeant (D:5)
  12 scorpions
  12 wights
  15 killer bees
  A howler monkey (D:8)
  6 hounds
  3 jellies
  7 orc priests
  2 gnoll boudas
  Ijyb (D:4)
  3 iguanas
  9 orc wizards
  11 adders
  11 gnolls
  3 river rats (Sewer)
  3 white imps (D:7)
  6 ufetubi
  2 worms (Sewer)
  4 dart slugs
  38 orcs
  6 ball pythons
  17 endoplasms
  A giant cockroach (D:3)
  11 goblins
  16 hobgoblins
  3 jackals (D:3)
  5 quokkas
  6 bats
  3 frilled lizards
  31 kobolds
  12 rats
341 creatures vanquished.

Vanquished Creatures (others)
  5 plants
  7 withered plants
12 creatures vanquished.

Grand Total: 353 creatures vanquished

Notes
Turn   | Place    | Note
-------+----------+-------------------------------------------
     0 | D:1      | purpskrrrp the Gargoyle Earth Elementalist began the quest
                  | for the Orb.
     0 | D:1      | Reached XP level 1. HP: 10/10 MP: 3/3
   111 | D:1      | Found a faded altar of an unknown god.
   318 | D:1      | Reached XP level 2. HP: 15/15 MP: 3/5
   321 | D:1      | Reached skill level 1 in Transmutations
   485 | D:1      | Reached skill level 4 in Earth Magic
   745 | D:1      | Prayed at the altar of an unknown god.
   745 | D:1      | Became a worshipper of Gozag Ym Sagoz the Greedy
   866 | D:2      | Reached XP level 3. HP: 10/19 MP: 1/6
  1398 | D:2      | Reached XP level 4. HP: 24/24 MP: 4/7
  1404 | D:2      | Learned a level 3 spell: Stone Arrow
  1457 | D:2      | You fall into a shaft and drop 2 floors!
  1513 | D:4      | Found an ornate altar of the Wu Jian Council.
  1519 | D:4      | Noticed Ijyb
  1557 | D:4      | Killed Ijyb
  1680 | D:4      | Found a sparkling altar of Nemelex Xobeh.
  1716 | D:4      | Noticed a necrophage
  1719 | D:4      | Killed a necrophage
  1720 | D:4      | Reached skill level 5 in Earth Magic
  1720 | D:4      | Reached XP level 5. HP: 28/28 MP: 2/9
  1953 | D:4      | Found a white marble altar of Elyvilon.
  1959 | D:4      | Found a bloodstained altar of Trog.
  1968 | D:3      | Found a hide-covered altar of Uskayaw.
  1971 | D:3      | Found a faded altar of an unknown god.
  2731 | D:3      | Found a glowing silver altar of Zin.
  2861 | D:3      | Reached XP level 6. HP: 29/32 MP: 4/10
  4222 | D:5      | Entered Level 5 of the Dungeon
  4236 | D:5      | Reached skill level 6 in Earth Magic
  4239 | D:5      | Reached XP level 7. HP: 36/36 MP: 5/11
  5005 | D:5      | Found an ancient bone altar of Kikubaaqudgha.
  5005 | D:5      | Found a blossoming altar of Fedhas.
  5136 | D:5      | Reached skill level 7 in Earth Magic
  5136 | D:5      | Reached XP level 8. HP: 41/41 MP: 7/13
  6175 | D:6      | Reached skill level 5 in Stealth
  6313 | D:6      | Found a runed translucent gate.
  6317 | D:6      | Found a runed translucent gate.
  6317 | D:6      | Found a runed translucent gate.
  6327 | D:6      | Found a runed translucent door.
  6337 | D:6      | Found the +9 staff of Olgreb {rPois∞}
  6344 | D:6      | Found a runed translucent door.
  6395 | D:6      | Noticed Edmund
  6416 | D:6      | Found a glowing drain.
  6420 | Sewer    | Entered a sewer
  6983 | Sewer    | Reached skill level 8 in Earth Magic
  7250 | D:6      | Killed Edmund
  7542 | D:6      | Reached XP level 9. HP: 45/45 MP: 12/15
  7589 | D:6      | Reached skill level 9 in Earth Magic
  8022 | D:6      | Learned a level 4 spell: Petrify
  8060 | D:6      | Reached skill level 5 in Spellcasting
  8226 | D:6      | Bought a scroll of identify for 50 gold pieces
  8277 | D:6      | Gained mutation: You have sharp toenails. [potion of
                  | mutation]
  8277 | D:6      | Gained mutation: You occasionally shout uncontrollably at
                  | your foes. [potion of mutation]
  8277 | D:6      | Gained mutation: You sometimes lose your temper in combat.
                  | [potion of mutation]
  8308 | D:6      | Learned a level 2 spell: Passwall
  8361 | D:7      | Reached skill level 10 in Earth Magic
  8418 | D:7      | Reached skill level 1 in Conjurations
  8598 | D:7      | Reached skill level 1 in Staves
  8598 | D:7      | Reached skill level 1 in Evocations
  8599 | D:7      | Noticed crescentfresh's ghost (novice OpVM)
  8600 | D:7      | Reached XP level 10. HP: 45/50 MP: 13/18
  8720 | D:7      | Found a staircase to the Ecumenical Temple.
  8954 | D:7      | Found a transporter.
  8960 | D:7      | Found a transporter.
  9188 | D:8      | Found a large runed translucent door.
  9189 | D:8      | Found a large runed translucent door.
  9243 | D:8      | Reached skill level 5 in Dodging
 10199 | D:8      | Found a stormy altar of Qazlal.
 10218 | D:8      | Found a snail-covered altar of Cheibriados.
 10333 | D:9      | Reached skill level 11 in Earth Magic
 10413 | D:9      | Found a staircase to the Orcish Mines.
 10645 | D:9      | Found a basalt altar of Yredelemnul.
 11039 | D:6      | Bought a +0 pair of boots of stealth for 161 gold pieces
 11157 | D:7      | Killed crescentfresh's ghost
 11158 | D:7      | Reached XP level 11. HP: 54/54 MP: 14/20
 11425 | D:10     | Entered Level 10 of the Dungeon
 11548 | D:10     | Found an iron altar of Okawaru.
 11935 | D:10     | Noticed Josephine
 11939 | D:10     | Killed Josephine
 11945 | D:10     | Reached skill level 12 in Earth Magic
 12397 | D:10     | Found a staircase to the Lair.
 13039 | D:11     | Noticed a white ugly thing
 13223 | D:11     | Noticed a green ugly thing
 13243 | D:11     | Killed a green ugly thing
 13319 | D:11     | Killed a white ugly thing
 13468 | D:11     | Noticed a boulder beetle
 13476 | D:11     | Killed a boulder beetle
 13477 | D:11     | Reached skill level 5 in Conjurations
 13820 | D:12     | Noticed a white ugly thing
 13823 | D:12     | Noticed Sonja
 13884 | D:11     | Killed a white ugly thing
 13885 | D:11     | Reached XP level 12. HP: 21/59 MP: 22/22
 14091 | D:12     | Killed Sonja
 14092 | D:12     | Reached skill level 13 in Earth Magic
 14102 | D:12     | Reached skill level 5 in Staves
 14768 | D:12     | Noticed Erolcha
 14861 | D:12     | Noticed a five-headed hydra
 14868 | D:12     | Killed a five-headed hydra
 14884 | D:12     | Killed Erolcha
 14960 | D:12     | Slain by a komodo dragon

Illustrated notes

Levels and vault maps discovered:
D:1:      minmay_arrival_doors, layout_basic,
          shapermc_ecumenical_altar_flowoftime
D:2:      minmay_spotlight, layout_basic
D:3:      layout_basic, nicolae_overflow_ecumenical_swirl,
          mainiacjoe_overflow_boulevard
D:4:      kennysheep_the_goblin_king, layout_basic,
          mainiacjoe_overflow_alcove_1, overflow_temple_1_default,
          mainiacjoe_overflow_big_doors, amcnicky_mini_rare_corridor_liquid,
          uniq_ijyb
D:5:      layout_layer_cave, grunt_temple_overflow_growth_and_decay
D:6:      layout_rooms, gup_sewer_entry_bowl,
          minmay_guarded_unrand_staff_of_olgreb, uniq_edmund
D:7:      layout_loops_ring, temple_green, nzn_ghost_randoct
D:8:      layout_loops_corners, jmf_multi_god_temple2, serial_bayou_pond_d,
          grunt_decor_mini_mirrors
D:9:      layout_cave_pools, yredelemnul_altar_generic, david_orc_3,
          dk_rats_in_the_wall
D:10:     layout_loops_ring, okawaru_altar_gauntlet_db, lair_entry_dummy,
          kennysheep_generic_room_2, uniq_josephine
D:11:     layout_irregular_city
D:12:     layout_basic, uniq_sonja, uniq_erolcha

Skill      XL: |  1  2  3  4  5  6  7  8  9 10 11 12 |
---------------+-------------------------------------+-----
Transmutations | 1 2 3 4 |  4.2
Earth Magic    | 4 5 6 7 8 10 11 12 13 | 13.4
Dodging        | 2 3 4 5 6 |  6.6
Stealth        | 3 4 5 6 7 8 9 |  9.4
Spellcasting   | 3 4 5 6 7 |  7.3
Conjurations   | 1 3 5 |  5.9
Staves         | 1 3 4 5 |  5.3
Evocations     | 1 2 4 |  4.8

Action                   |  1- 3 |  4- 6 |  7- 9 | 10-12 || total
-------------------------+-------+-------+-------+-------++-------
Melee: Unarmed           |    71 |     7 |       |       ||    78
       Punch             |     1 |       |       |       ||     1
       Staff             |       |     4 |    89 |     1 ||    94
 Cast: Sandblast         |    37 |   100 |   190 |   264 ||   591
       Stone Arrow       |       |     4 |     2 |    30 ||    36
       Passwall          |       |       |     1 |       ||     1
       Petrify           |       |       |     1 |       ||     1
Invok: Call Merchant     |       |       |     1 |     1 ||     2
 Abil: Evoke the Staff o |       |       |       |    11 ||    11
  Use: Potion            |       |     3 |     4 |     2 ||     9
       Scroll            |       |    13 |    10 |     3 ||    26
 Stab: Distracted        |       |       |     1 |       ||     1
Armor: Robe              |    26 |    28 |    25 |       ||    79
       Leather armour    |       |       |    96 |    80 ||   176
Dodge: Dodged            |    29 |    21 |   138 |   154 ||   342
Block: Other             |       |       |       |    27 ||    27

Table legend: (Time is in decaauts)
 A = Elapsed time spent in this place.
 B = Non-inter-level travel time spent in this place.
 C = Inter-level travel time spent in this place.
 D = Time resting spent in this place.
 E = Time spent auto-exploring this place.
 F = Levels seen in this place.
 G = Mean time per level.
                   A        B        C        D        E       F      G
               +--------+--------+--------+--------+--------+-----+--------+
         Total |  15445 |  15010 |    435 |   1832 |  10116 |  13 | 1188.1 |
       Dungeon |  14419 |  13984 |    435 |   1811 |   9308 |  12 | 1201.6 |
         Sewer |   1025 |   1025 |      0 |     21 |    808 |   1 | 1025.0 |
               +--------+--------+--------+--------+--------+-----+--------+

Top non-repeatable levels by time:
     D:5: 2058 daAuts
     D:6: 1486 daAuts
    D:11: 1447 daAuts
    D:10: 1248 daAuts
     D:4: 1236 daAuts
     D:7: 1187 daAuts
     D:8: 1170 daAuts
     D:2: 1152 daAuts
     D:3: 1063 daAuts
   Sewer: 1025 daAuts
    D:12: 915 daAuts
     D:1: 836 daAuts
     D:9: 617 daAuts
